 Dungeon Crawl Stone Soup version 0.30-a0-422-g946f4849ff (webtiles) character file.

Game seed: 13562460251368899100

8296 pokeman the Eclecticist (level 11, -5/62 HPs)
             Began as a Deep Elf Hedge Wizard on Dec 8, 2022.
             Was a Believer of Vehumet.
             Killed from afar by a gnoll sergeant (7 damage)
             ... with a bolt of dispelling energy
             ... on level 9 of the Dungeon.
             The game lasted 00:33:22 (10852 turns).

pokeman the Eclecticist (Deep Elf Hedge Wizard)    Turns: 10852, Time: 00:33:22

Health: -5/62      AC: 10    Str: 11    XL:     11   Next: 8%
Magic:  28/32      EV: 13    Int: 24    God:    Vehumet [**....]
Gold:   657        SH:  0    Dex: 14    Spells: 32/40 levels left

rFire   . . .      SeeInvis .    G - +3 shortbow (drain)
rCold   . . .      Faith    .    (shield currently unavailable)
rNeg    . . .      Spirit   .    E - +0 steam dragon scales
rPois   .          Reflect  .    F - +1 helmet of Losucah {Str+4}
rElec   .          Harm     .    w - +0 cloak
rCorr   .          Rampage  .    O - +0 pair of gloves
Will    +....                    (no boots)
Stlth   ++........               (no amulet)
HPRegen 0.30/turn                m - ring of flight
MPRegen 0.23/turn                (no ring)

@: lethally poisoned (-5 -> -9), flying, studying Shields
A: no striking features
a: Renounce Religion


You were on level 9 of the Dungeon.
You worshipped Vehumet.
Vehumet was pleased with you.
You visited 2 branches of the dungeon, and saw 10 of its levels.
You also visited: Sewer and Bailey.

You collected 657 gold pieces.

Inventory:

Hand Weapons
 o - the +4 spear "Icajevva" {vorpal, rElec rN+++ MP+9 Int-5}
   (You found it on level 2 of the Dungeon)

   It inflicts extra damage upon your enemies.
   Int:       It affects your intelligence (-5).
   rElec:     It insulates you from electricity.
   rN:        It renders you almost immune to negative energy.
   MP:        It affects your magic capacity (+9).
 z - a +2 shortbow of flaming
 G - a +3 shortbow of draining (weapon)
 J - a +1 hand axe of venom
 M - a +2 vorpal triple sword
Missiles
 y - 3 throwing nets
Armour
 w - a +0 cloak (worn)
 E - +0 steam dragon scales (worn)
 F - the +1 helmet of Losucah (worn) {Str+4}
   (You found it on level 6 of the Dungeon)

   Str:       It affects your strength (+4).
 O - a +0 pair of gloves (worn)
Magical Staves
 I - a staff of earth
Jewellery
 m - a ring of flight (left hand)
 s - an amulet of guardian spirit
 t - a ring of ice
Wands
 b - a wand of flame (29)
Scrolls
 e - 4 scrolls of noise {unknown}
 f - 12 scrolls of identify {unknown}
 g - 4 scrolls of fog {unknown}
 h - 3 scrolls of poison {unknown}
 i - 5 scrolls of teleportation {unknown}
 l - a scroll of summoning {unknown}
 p - a scroll of enchant armour {unknown}
 r - a scroll of fear {unknown}
 u - 4 scrolls of torment {unknown}
 A - a scroll of blinking
 C - 2 scrolls of brand weapon {unknown}
 D - 2 scrolls of vulnerability {unknown}
 H - 2 scrolls of amnesia {unknown}
 N - a scroll of enchant weapon {unknown}
Potions
 a - 4 potions of curing
 c - a potion of invisibility
 d - 3 potions of magic
 j - 3 potions of haste {unknown}
 k - 2 potions of brilliance {unknown}
 n - a potion of berserk rage {unknown}
 q - 3 potions of ambrosia {unknown}
 v - a potion of degeneration {unknown}
 x - a potion of attraction {unknown}
 B - a potion of cancellation {unknown}
 K - a potion of resistance {unknown}
 L - a potion of experience


   Skills:
 + Level 4.8 Fighting
 - Level 4.0 Armour
 - Level 3.1 Dodging
 - Level 3.1 Stealth
 + Level 3.4 Shields
 * Level 15.1 Spellcasting
 + Level 10.0 Conjurations
 - Level 1.1 Summonings
 - Level 1.1 Translocations
 - Level 1.0 Air Magic
 - Level 1.4 Earth Magic
 - Level 1.2 Poison Magic
 - Level 1.2 Evocations


You had 32 spell levels left.
You knew the following spells:

 Your Spells              Type           Power      Damage    Failure   Level
a - Magic Dart            Conj           100%       1d8       1%          1
b - Mephitic Cloud        Conj/Pois/Air  37%        N/A       1%          3
c - Call Imp              Summ           23%        N/A       3%          2
d - Blink                 Tloc           46%        N/A       3%          2

Your spell library contained the following spells:

 Spells                   Type           Power      Damage    Failure   Level
 Scorch                   Fire           36%        2d7       4%          2
 Apportation              Tloc           46%        N/A       1%          1
 Summon Small Mammal      Summ           92%        N/A       1%          1
 Necrotise                Necr           72%        1d7       3%          1
 Slow                     Hex            72%        N/A       3%          1
 Cigotuvi's Dreadful Rot  Necr/Pois/Air  42%        N/A       3%          2


Dungeon Overview and Level Annotations

Branches:
Dungeon (9/15)             Temple (1/1) D:6           Sewer (visited)
 Bailey (visited)
   Lair: D:8-11         Orc: D:9-12

Altars:
Ashenzari
Cheibriados
Dithmenos
Elyvilon
Fedhas
Gozag
Hepliaklqana
Kikubaaqudgha
Makhleb
Nemelex Xobeh
Qazlal
Ru
Sif Muna
Trog
Vehumet
Wu Jian
Xom
Yredelemnul
Zin

Shops:
D:2 *   D:4 [   D:7 [   D:8 (

Annotations:
D:6 3 runed translucent doors, Maggie; SmokeWeed's ghost, novice HOFi


Message History

The orc is engulfed in noxious fumes.
The orc appears confused.
The gnoll sergeant throws a stone.
The stone hits you.
The orc is engulfed in noxious fumes.
The orc appears confused.
The orc asks, "Where am I?"
The orc hits you but does no damage.
You are poisoned.
Fire: G) +3 shortbow (drain)
Press: ? - help, Q - select action, (/) - cycle Shift-Dir - straight line, f - orc
Aim: an orc, wielding a +0 mace (confused, 81% to hit)
You shoot an arrow. The arrow hits the orc.
The orc is moderately wounded.
You feel sick.
The gnoll sergeant throws a stone.
The stone misses you.
The orc mumbles something.
The orc hits you but does no damage.
Unknown command.
Fire: G) +3 shortbow (drain)
Press: ? - help, Q - select action, (/) - cycle Shift-Dir - straight line, f/p - orc
Aim: an orc, wielding a +0 mace (confused, 81% to hit)
You shoot an arrow. The arrow barely misses the orc.
The arrow hits the orc.
You drain the orc.
The orc is severely wounded.
You feel sick. The orc hits you but does no damage.
You are more poisoned.
The orc chortles and stares into space.
The orc barely misses the orc.
Unknown command.
Fire: G) +3 shortbow (drain)
Press: ? - help, Q - select action, (/) - cycle Shift-Dir - straight line, f/p - orc
Aim: an orc, wielding a +0 mace (severely wounded, confused, heavily drained, 81% to hit)
You shoot an arrow.
The arrow hits the orc but does no damage.
You drain the orc.
The orc is severely wounded.
You feel sick.
The gnoll sergeant zaps a wand.
The bolt of dispelling energy hits you!
* * * LOW HITPOINT WARNING * * *
The bolt of dispelling energy hits the orc!
The orc dies!
The gnoll sergeant zaps a wand.
The bolt of dispelling energy hits you!
You die...

..~~~~~~~###############
..~~~~~~~~##
..g~~~~~~~~##
~~~)~~~~~~~~#
~~~°~~~~##### ##
#~~~~~~~# #. ##~~°)~g#
## ##~~~~~# ##...@#
#))))# #..)o#
####..)?.oo. #......#.
#......# #####.... ...>
...


You could see a gnoll sergeant, a gnoll and an orc (confused, very drained).

Vanquished Creatures
  A boulder beetle (D:7)
  A two-headed ogre (D:8)
  2 orc knights (Bailey)
  A troll (D:7)
  A hornet (D:7)
  Sigmund (D:3)
  A wyvern (D:7)
  Grum (D:8)
  A vampire mosquito (D:7)
  3 steam dragons
  A water moccasin (D:7)
  3 ice beasts
  12 orc warriors
  4 sky beasts
  3 centaurs
  3 wolves (D:8)
  3 ogres
  A phantom (D:4)
  2 kobold brigands
  A necrophage (D:5)
  5 bullfrogs
  A gnoll sergeant (D:7)
  4 wights
  2 killer bees (D:7)
  2 howler monkeys (D:8)
  An electric eel (D:9)
  2 gnoll boudas (D:7)
  5 jellies
  4 orc priests
  5 hounds
  7 iguanas
  4 orc wizards
  9 gnolls
  9 adders
  A shadow imp (D:7)
  3 white imps
  2 ufetubi
  2 worms
  8 dart slugs
  43 orcs
  12 ball pythons
  14 bats
  10 endoplasms
  14 giant cockroaches
  12 goblins
  4 hobgoblins
  9 jackals (D:2)
  10 quokkas
  12 frilled lizards
  9 kobolds
  5 rats
276 creatures vanquished.

Vanquished Creatures (collateral kills)
  A wolf (D:8)
1 creature vanquished.

Vanquished Creatures (others)
  An orc (D:9)
  29 plants (D:7)
30 creatures vanquished.

Grand Total: 307 creatures vanquished

Notes
Turn   | Place    | Note
-------+----------+-------------------------------------------
     0 | D:1      | pokeman the Deep Elf Hedge Wizard began the quest for the
                  | Orb.
     0 | D:1      | Reached XP level 1. HP: 10/10 MP: 7/7
   206 | D:1      | Reached XP level 2. HP: 12/15 MP: 1/9
   280 | D:1      | Found a faded altar of an unknown god.
   733 | D:1      | Reached skill level 5 in Spellcasting
  1037 | D:1      | Reached XP level 3. HP: 20/20 MP: 9/11
  1041 | D:1      | Learned a level 3 spell: Mephitic Cloud
  1044 | D:1      | Learned a level 2 spell: Call Imp
  1047 | D:1      | Learned a level 2 spell: Blink
  1260 | D:2      | Identified the +4 spear "Icajevva" {vorpal, rElec rN+++
                  | MP+9 Int-5}
  1415 | D:2      | Reached skill level 1 in Fighting
  1597 | D:2      | Reached skill level 1 in Armour
  1883 | D:2      | Found Gast's General Store.
  2156 | D:2      | Reached XP level 4. HP: 25/25 MP: 13/13
  2799 | D:3      | Noticed Sigmund
  2830 | D:3      | Killed Sigmund
  2831 | D:3      | Reached skill level 5 in Conjurations
  2831 | D:3      | Reached XP level 5. HP: 29/29 MP: 15/15
  3359 | D:4      | Noticed an ogre
  3367 | D:4      | Killed an ogre
  3368 | D:4      | Reached skill level 6 in Spellcasting
  3368 | D:4      | Reached XP level 6. HP: 34/34 MP: 17/17
  3609 | D:4      | Found Izaclaar's Antique Armour Shop.
  3795 | D:4      | Reached skill level 1 in Air Magic
  3795 | D:4      | Reached skill level 1 in Evocations
  3800 | D:4      | Reached XP level 7. HP: 26/38 MP: 17/19
  4009 | D:4      | Reached skill level 7 in Spellcasting
  4009 | D:4      | Reached skill level 1 in Poison Magic
  4289 | D:5      | Entered Level 5 of the Dungeon
  4806 | D:5      | Reached skill level 8 in Spellcasting
  5084 | D:5      | Found a snail-covered altar of Cheibriados.
  5109 | D:5      | Reached XP level 8. HP: 19/44 MP: 22/22
  5349 | D:6      | Found a glowing drain.
  5358 | Sewer    | Entered a sewer
  5748 | Sewer    | Reached skill level 9 in Spellcasting
  6012 | D:6      | Noticed Maggie
  6230 | D:6      | Found a runed translucent gate.
  6230 | D:6      | Noticed SmokeWeed's ghost (novice HOFi)
  6231 | D:6      | Found a runed translucent gate.
  6232 | D:6      | Found a runed translucent gate.
  6241 | D:6      | Identified the +1 helmet of Losucah {Str+4}
  6343 | D:6      | Reached skill level 10 in Spellcasting
  6913 | D:6      | Found a staircase to the Ecumenical Temple.
  6921 | D:6      | Reached XP level 9. HP: 50/50 MP: 21/25
  6923 | Temple   | Entered the Ecumenical Temple
  7484 | D:7      | Found a radiant altar of Vehumet.
  7495 | D:7      | Became a worshipper of Vehumet
  7561 | D:7      | Reached skill level 11 in Spellcasting
  7851 | D:7      | Reached skill level 12 in Spellcasting
  8163 | D:7      | Reached * piety under Vehumet
  8163 | D:7      | Offered knowledge of Shock by Vehumet.
  8330 | D:7      | Reached skill level 13 in Spellcasting
  8380 | D:7      | Found Pyxa's Antique Armour Shoppe.
  8399 | D:7      | Found an opulent altar of Gozag.
  8428 | D:7      | Reached XP level 10. HP: 38/56 MP: 29/29
  8831 | D:7      | Found a burning altar of Makhleb.
  8835 | D:7      | Found a bloodstained altar of Trog.
  8839 | D:7      | Found a shadowy altar of Dithmenos.
  8981 | D:7      | Noticed a boulder beetle
  9000 | D:7      | Killed a boulder beetle
  9001 | D:7      | Reached skill level 1 in Earth Magic
  9223 | D:8      | Found Holar's Antique Weapon Boutique.
  9351 | D:8      | Found a flagged portal.
  9358 | Bailey   | Entered a bailey
  9489 | Bailey   | Reached ** piety under Vehumet
  9489 | Bailey   | Offered knowledge of Momentum Strike by Vehumet.
  9696 | Bailey   | Reached skill level 14 in Spellcasting
  9923 | Bailey   | Noticed an orc knight
  9923 | Bailey   | Noticed an orc knight
  9963 | Bailey   | Killed an orc knight
  9964 | Bailey   | Reached skill level 1 in Shields
  9975 | Bailey   | Killed an orc knight
 10403 | D:8      | Noticed a two-headed ogre
 10434 | D:8      | Killed a two-headed ogre
 10565 | D:8      | Noticed Grum
 10579 | D:8      | Killed Grum
 10580 | D:8      | Reached skill level 15 in Spellcasting
 10580 | D:8      | Reached XP level 11. HP: 62/62 MP: 30/32
 10823 | D:9      | Offered knowledge of Scorch by Vehumet.
 10835 | D:9      | Reached skill level 10 in Conjurations
 10852 | D:9      | HP: 2/62 [gnoll sergeant/bolt of dispelling energy (16)]
 10852 | D:9      | Killed from afar by a gnoll sergeant

Illustrated notes

Levels and vault maps discovered:
D:1:      heliophobic_arrival_enchanted_forest, layout_basic,
          shapermc_ecumenical_altar_totnotflames
D:2:      minmay_razor_zed, layout_basic, serial_shops, nicolae_shop_crystal
D:3:      layout_basic, chequers_serial_rivers_micro_e, minmay_diced_spiral,
          uniq_sigmund
D:4:      layout_rooms, serial_shops, shop
D:5:      layout_basic, kennysheep_slug_shrine, serial_bayou_crossing
D:6:      layout_layer_cave, temple_green, gammafunk_ghost_split,
          portal_sewer_entry_d, uniq_maggie
D:7:      nzn_winding_woodlands_stair_cross [nzn_winding_woodlands_5x15_eye,
          nzn_winding_woodlands_center_diamonds,
          nzn_winding_woodlands_5x15_sawtooth,
          nzn_winding_woodlands_5x5_checkerboard,
          nzn_winding_woodlands_5x5_default,
          nzn_winding_woodlands_5x15_split_checker,
          nzn_winding_woodlands_center_garden,
          nzn_winding_woodlands_5x15_pockets], layout_rooms,
          grunt_temple_overflow_diamond, mainiacjoe_overflow_chevrons,
          grunt_gozag_statues, serial_shops, nicolae_shop_crystal,
          nicolae_grassy_gnolls
D:8:      layout_gridville, serial_shops, nicolae_shop_trees, enter_bailey_3,
          uniq_grum
D:9:      layout_basic, old_standard_altar, erik_lair_dragon, david_orc_5,
          dk_rats_in_the_wall
Temple:   hellmonk_temple_forest_ring

Skill      XL: |  1  2  3  4  5  6  7  8  9 10 11 |
---------------+----------------------------------+-----
Spellcasting   | 5 6 8 10 13 15 | 15.1
Fighting       | 1 2 3 4 |  4.8
Conjurations   | 2 5 6 7 8 9 10 | 10.0
Armour         | 1 2 4 |  4.0
Dodging        | 3 |  3.1
Stealth        | 3 |  3.1
Air Magic      | 1 |  1.0
Evocations     | 1 |  1.2
Poison Magic   | 1 |  1.2
Earth Magic    | 1 |  1.4
Shields        | 3 |  3.4
Summonings     | |  1.1
Translocations | |  1.1

Action                   |  1- 3 |  4- 6 |  7- 9 | 10-12 || total
-------------------------+-------+-------+-------+-------++-------
Melee: Dagger            |     4 |       |       |       ||     4
       Spear             |     2 |    25 |    22 |       ||    49
       Punch             |       |       |     1 |       ||     1
       Shortbow          |       |       |     2 |     1 ||     3
 Fire: Shortbow          |       |       |   242 |   211 ||   453
 Cast: Magic Dart        |   120 |    93 |   211 |    23 ||   447
       Mephitic Cloud    |     1 |     5 |    39 |    34 ||    79
       Call Imp          |       |       |     6 |     3 ||     9
       Blink             |       |       |     1 |     1 ||     2
 Stab: Confused          |       |     1 |     3 |       ||     4
Armor: Robe              |     5 |     1 |       |       ||     6
       Leather armour    |       |     6 |     5 |       ||    11
       Steam dragon scal |       |       |    59 |    31 ||    90
Dodge: Dodged            |    24 |    31 |   120 |    79 ||   254

Table legend: (Time is in decaauts)
 A = Elapsed time spent in this place.
 B = Non-inter-level travel time spent in this place.
 C = Inter-level travel time spent in this place.
 D = Time resting spent in this place.
 E = Time spent auto-exploring this place.
 F = Levels seen in this place.
 G = Mean time per level.
                   A        B        C        D        E       F      G
               +--------+--------+--------+--------+--------+-----+--------+
         Total |  11094 |  10672 |    422 |    587 |   7688 |  12 |  924.5 |
       Dungeon |   9630 |   9225 |    405 |    533 |   6734 |   9 | 1070.0 |
        Temple |    179 |    162 |     17 |      0 |    151 |   1 |  179.0 |
         Sewer |    484 |    484 |      0 |     45 |    266 |   1 |  484.0 |
        Bailey |    799 |    799 |      0 |      8 |    537 |   1 |  799.0 |
               +--------+--------+--------+--------+--------+-----+--------+

Top non-repeatable levels by time:
     D:7: 1613 daAuts
     D:6: 1459 daAuts
     D:2: 1339 daAuts
     D:5: 1279 daAuts
     D:3: 1181 daAuts
     D:1: 1100 daAuts
     D:8: 812 daAuts
  Bailey: 799 daAuts
     D:4: 672 daAuts
   Sewer: 484 daAuts
  Temple: 179 daAuts
     D:9: 172 daAuts
